AoeStats
← JeGrandchamp

Arabia

508051586Analyzed
1v1 RM · 11d ago on Sep 20, 2026· 33m 47s· 2 players
Game mode
Random Map
Map size
Tiny (2 player)
Population
200
Speed
Normal
Resources
Standard
Victory
Conquest
Starting age
Dark Age
Ending age
Imperial Age
RankedLock teamsTeams togetherTeam positionsShared explorationLock speedFull tech treeHidden civsTurbo modeCheats
Victory
Defeat
🇵🇪 Ethiopians · Peru
924
+17
🇨🇦 Bulgarians · Canada
944
-17
JuliusHaus
7:16 Loom
10:04 Feudal Age
10:38 Double-Bit Axe
11:09 Man-at-Arms
20:39 Castle Age
20:55 Gold Mining
20:43 Crossbowman
22:10 Thumb Ring
24:17 Fletching
26:08 Bodkin Arrow
28:13 Padded Archer Armor
28:53 Wheelbarrow
28:35 Town Watch
30:12 Ballistics
30:36 Leather Archer Armor
32:01 Forging
JeGrandchamp
5:31 Loom
11:16 Feudal Age
12:25 Horse Collar
13:56 Wheelbarrow
14:49 Fletching
21:57 Castle Age
21:20 Scale Barding Armor
25:53 Chain Barding Armor
32:52 Bodkin Arrow
33:52 Bloodlines
34:19 Forging
Connection lost

Rejoining the realm…

Still unreachable

The connection could not be restored.

Session expired

The server has moved on; the page needs a fresh start.